Map: Bridgehead LE (Void)

Players

Toons

  • Race: Terran Terran
  • League: Silver

vQooo - Winner!

  • Race: Protoss Protoss
  • League: Bronze

VOD

Have the link to the VOD?

Description

Time

  • Played on: Aug. 1, 2015, 5:30 a.m.
  • Length: 12:19
Show
View Real Time Build Order
Export as new Build Order

Toons Terran 

Build Orders: MMM Bio 

Get SALT Encoding   

  12  0:01  SCV  
  13  0:13  SCV  
  14  0:19  Supply Depot  
  14  0:25  SCV  
  15  0:41  SCV  
  16  0:43  Barracks  
  16  0:51  Refinery  
  16  0:53  SCV  
  17  1:05  SCV  
  18  1:17  SCV  
  19  1:24  Supply Depot  
  19  1:29  SCV  
  19  1:30  Marine  
  21  1:41  SCV, Refinery  
  22  1:47  Marine  
  22  1:53  SCV  
  24  2:05  SCV  
  25  2:11  Barracks  
  25  2:18  Barracks Tech Lab  
  25  2:20  SCV  
  26  2:31  Command Center  
  26  2:34  SCV  
  27  2:38  Supply Depot  
  27  2:40  Marauder  
  27  2:43  Stimpack  
  29  2:54  SCV  
  30  3:09  Marauder  
  30  3:10  Barracks Reactor  
  32  3:16  Factory  
  32  3:17  SCV  
  33  3:24  Supply Depot  
  32  3:36  Marauder  
  34  3:51  Marine x2  
  36  3:57  SCV x2  
  37  4:05  Marauder  
  37  4:09  Hellion, Marine x2  
  41  4:21  SCV x2  
  42  4:27  Supply Depot  
  42  4:30  Hellion  
  44  4:35  Marine x2  
  44  4:37  Marauder  
  48  4:45  Refinery  
  48  4:51  Starport  
  48  4:55  Refinery  
  48  4:57  Factory Reactor  
  48  5:23  Marine x2  
  48  5:24  Marauder  
  52  5:29  SCV x2  
  54  5:41  SCV x2  
  54  5:43  Marine x2  
  54  5:46  Hellion  
  58  5:52  Engineering Bay  
  58  5:55  Armory, SCV x2  
  60  6:00  Starport Reactor  
  60  6:06  Marine  
  60  6:07  SCV, Marine  
  60  6:08  SCV, Marauder  
  60  6:09  Combat Shields  
  66  6:23  Terran Infantry Weapons Level 1  
  66  6:24  SCV  
  68  6:26  Orbital Command  
  68  6:32  Supply Depot x2  
  67  6:37  Marine x2  
  69  6:53  Medivac  
  71  7:00  Missile Turret  
  71  7:04  Missile Turret  
  71  7:05  SCV x2  
  73  7:12  Liberator x2  
  73  7:21  Marine x2  
  73  7:22  Marauder  
  77  7:26  SCV x2  
  85  7:49  Terran Vehicle Weapons Level 1  
  85  7:50  Supply Depot x2  
  85  7:51  Supply Depot  
  85  8:00  Marine  
  86  8:06  Command Center  
  86  8:11  Marine  
  86  8:12  Hellion x2  
  91  8:25  Orbital Command  
  91  8:28  Terran Infantry Armor Level 1  
  91  8:29  SCV  
  94  8:34  Marine, Marauder  
  94  8:35  Widow Mine x2, Marine  
  100  8:41  SCV  
  101  8:55  Barracks  
  101  8:56  Barracks  
  101  8:59  SCV x2  
  103  9:24  SCV x2  
  105  9:27  Refinery  
  105  9:28  Missile Turret  
  104  9:43  Barracks  
  104  9:45  Marine x2  
  104  9:47  Marauder  
  104  9:50  Marine x2  
  110  9:53  Terran Vehicle And Ship Armor Level 1  
  110  10:03  Marine x2  
  106  10:29  SCV x2  
  106  10:33  SCV  
  109  10:36  Refinery  
  109  10:49  Barracks Reactor, Barracks Tech Lab  
  99  10:50  Barracks Tech Lab  
  99  10:56  SCV x2  
  101  11:00  Missile Turret x2  
  101  11:14  Command Center  
  101  11:22  Marine x3  
  104  11:41  Marauder  
Show
View Real Time Build Order
Export as new Build Order

vQooo Protoss - Winner!

Build Orders: Double Forge 

Get SALT Encoding   

  12  0:01  Probe  
  13  0:13  Probe  
  14  0:23  Pylon  
  14  0:41  Probe (Chrono Boost)  
  15  0:43  Gateway  
  15  0:49  Assimilator  
  15  0:53  Probe (Chrono Boost)  
  16  0:59  Probe (Chrono Boost)  
  17  1:10  Probe  
  18  1:19  Pylon  
  18  1:22  Probe  
  19  1:39  Cybernetics Core  
  19  1:45  Probe  
  20  1:58  Probe  
  20  1:59  Pylon  
  21  2:03  Nexus  
  21  2:10  Probe  
  21  2:12  Assimilator  
  22  2:16  Warp Gate (Chrono Boost)  
  22  2:19  Adept  
  24  2:26  Mothership Core  
  26  2:37  Pylon  
  26  2:53  Pylon  
  26  2:56  Probe  
  27  3:00  Adept  
  29  3:08  Gateway  
  29  3:09  Gateway  
  30  3:13  Probe (Chrono Boost)  
  30  3:18  Probe (Chrono Boost)  
  33  3:27  Probe x2 (Chrono Boost)  
  33  3:35  Probe (Chrono Boost)  
  35  3:41  Probe (Chrono Boost)  
  33  4:10  Probe x2  
  35  4:29  Stalker x2  
  35  4:30  Stalker  
  39  4:33  Probe (Chrono Boost)  
  41  4:39  Probe (Chrono Boost)  
  41  4:40  Robotics Facility  
  41  4:42  Forge  
  41  4:43  Probe (Chrono Boost), Forge  
  41  4:44  Pylon  
  42  4:47  Pylon  
  42  4:48  Probe (Chrono Boost)  
  42  4:49  Assimilator  
  42  4:50  Probe (Chrono Boost)  
  42  4:52  Assimilator  
  45  5:02  Probe (Chrono Boost)  
  45  5:03  Sentry x3  
  45  5:04  Probe (Chrono Boost)  
  52  5:09  Probe (Chrono Boost)  
  52  5:10  Probe (Chrono Boost)  
  54  5:20  Pylon, Protoss Ground Weapons Level 1 (Chrono Boost)  
  54  5:21  Protoss Ground Armor Level 1 (Chrono Boost)  
  54  5:27  Probe (Chrono Boost)  
  56  5:30  Observer  
  56  5:32  Probe (Chrono Boost)  
  57  5:41  Probe (Chrono Boost)  
  57  5:46  Photon Cannon  
  57  5:50  Pylon  
  57  6:00  Pylon  
  57  6:06  Stalker x3  
  57  6:09  Nexus  
  63  6:14  Observer  
  63  6:15  Pylon  
  64  6:20  Twilight Council, Photon Cannon  
  64  6:33  Pylon  
  64  6:39  Immortal  
  68  6:45  Pylon  
  68  6:50  Protoss Shields Level 1 (Chrono Boost)  
  68  6:57  Pylon  
  68  6:59  Stargate  
  68  7:11  Protoss Ground Armor Level 2 (Chrono Boost)  
  68  7:18  Robotics Bay  
  68  7:20  Gateway  
  68  7:24  Immortal  
  68  7:27  Probe (Chrono Boost)  
  75  7:33  Probe (Chrono Boost)  
  75  7:35  Probe (Chrono Boost)  
  76  7:37  Probe (Chrono Boost)  
  76  7:41  Probe (Chrono Boost)  
  76  7:44  Phoenix  
  79  7:46  Assimilator  
  79  7:52  Assimilator  
  82  8:17  Disruptor  
  82  8:19  Protoss Ground Weapons Level 2 (Chrono Boost)  
  84  8:23  Void Ray (Chrono Boost)  
  86  8:27  Zealot x2  
  86  8:28  Zealot  
  86  8:31  Extended Thermal Lance  
  92  8:37  Probe  
  92  8:40  Gateway  
  93  8:41  Gateway  
  93  8:43  Gateway  
  93  8:54  Protoss Shields Level 2 (Chrono Boost)  
  93  9:05  Nexus  
  93  9:06  Void Ray  
  97  9:29  Pylon  
  97  9:31  Charge  
  97  9:37  Colossus  
  103  9:44  Pylon  
  103  9:49  Pylon  
  97  10:16  Nexus  
  97  10:17  Pylon  
  97  10:19  Stalker x4, Pylon  
  97  10:20  Stalker x2  
  109  10:23  Zealot  
  110  10:40  Photon Cannon  
  108  10:54  Photon Cannon  
  108  10:56  Photon Cannon  
  108  10:58  Pylon  
  108  10:59  Disruptor  
  108  11:06  Stalker  
  108  11:07  Stalker  
  93  12:03  Stalker x4  
  93  12:04  Stalker  
Tags
 
Add a new tag
Caveats
  • Supply blocks, unpowered buildings, or Contaminate may cause inaccurate times.
  • Supply counts are checked every 10 seconds.